Map: Dusk Towers (3.1.3 Balance v1.0)

Players

Miltreta

  • Race: Terran Terran

Player 2

  • Race: Protoss Protoss

VOD

Have the link to the VOD?

Description

Time

  • Played on: March 5, 2016, 3:32 p.m.
  • Length: 2:39
Show
View Real Time Build Order
Export as new Build Order

Miltreta Terran 

Build Orders:  

Get SALT Encoding   

  12  0:10  SCV  
  13  0:18  Supply Depot  
  13  0:22  SCV  
  14  0:40  Supply Depot  
  14  0:47  Barracks  
  14  0:57  SCV  
  15  1:09  SCV  
  16  1:21  SCV  
  17  1:31  Barracks  
  17  1:43  Orbital Command  
  17  1:53  Marine  
  18  2:11  Marine  
  19  2:23  Bunker  
Show
View Real Time Build Order
Export as new Build Order

Player 2 Protoss 

Build Orders:  

Get SALT Encoding   

  12  0:01  Probe (Chrono Boost)  
  13  0:11  Probe (Chrono Boost)  
  14  0:19  Pylon  
  14  0:22  Probe (Chrono Boost)  
  15  0:38  Probe (Chrono Boost)  
  16  0:47  Assimilator  
  16  0:48  Probe (Chrono Boost)  
  16  0:49  Gateway  
  17  0:59  Probe (Chrono Boost)  
  17  1:01  Pylon  
  18  1:09  Probe (Chrono Boost)  
  19  1:20  Probe (Chrono Boost)  
  20  1:35  Zealot  
  22  1:40  Gateway  
  22  1:42  Cybernetics Core  
  22  1:54  Pylon  
  22  2:11  Probe (Chrono Boost)  
  26  2:22  Assimilator  
  26  2:23  Probe (Chrono Boost)  
Tags
 
Add a new tag
Caveats
  • Supply blocks, unpowered buildings, or Contaminate may cause inaccurate times.
  • Supply counts are checked every 10 seconds.